 Dungeon Crawl Stone Soup version 0.31.0-11-ge490571c62 (webtiles) character file.

Game seed: 13569873186298385994

90565 HonestlyKidding the Brawler (level 15, 0/154 HPs)
             Began as a Troll Fighter on Jan 25, 2024.
             Was the Champion of Wu Jian.
             Slain by an ogre mage
             ... wielding a +0 flail
              (9 damage)
             ... on level 13 of the Dungeon on Jan 27, 2024.
             The game lasted 02:17:13 (22272 turns).

HonestlyKidding the Brawler (Troll Fighter)        Turns: 22272, Time: 02:17:14

Health: 0/154      AC: 10    Str: 30    XL:     15   Next: 52%
Magic:  0/14       EV: 12    Int:  6    God:    Wu Jian [******]
Gold:   1463       SH:  0    Dex: 10    Spells: 8/14 levels left

rFire   + .          .
                       - Unarmed
rCold   + + +        R - +2 kite shield {rC+}
rNeg    . . .        t - +2 robe {rC+ rF+}
rPois   +            (helmet restricted)
rElec   .            q - scarf {shadows}
rCorr   .            (gloves unavailable)
SInv    .            (boots unavailable)
Will    +....        m - amulet of guardian spirit
Stlth   +            L - ring "Rurir" {rPois rC+ Str+2 Dex-3 Slay+4}
HPRegen 1.25/turn    f - +4 ring of protection
MPRegen 0.14/turn

%: guardian spirit
@: confused, ambrosia-drunk
A: large, unfitting armour, claws 3, regeneration 1, shaggy fur 1, tough skin 1
a: Renounce Religion, Wall Jump, Serpent's Lash, Heavenly Storm


You were on level 13 of the Dungeon.
You worshipped Wu Jian.
Wu Jian was exalted by your worship.
You visited 4 branches of the dungeon, and saw 22 of its levels.
You also visited: Sewer, Gauntlet and Ice Cave.

You collected 1925 gold pieces.
You spent 462 gold pieces at shops.

Inventory:

Missiles
 d - 25 large rocks
 e - 64 poisoned darts (quivered)
 n - 11 throwing nets
 s - 7 atropa-tipped darts
 G - 9 javelins
Armour
 q - a scarf of shadows (worn)
 t - a +2 robe of resistance (worn)
 R - a +2 kite shield of cold resistance (worn)
Jewellery
 f - a +4 ring of protection (right claw)
 m - an amulet of guardian spirit (around neck)
 L - the ring "Rurir" (left claw) {rPois rC+ Str+2 Dex-3 Slay+4}
   (You acquired it on level 5 of the Lair of Beasts)

   [ring of slaying]

   Str+2:     It affects your strength (+2).
   Dex-3:     It affects your dexterity (-3).
   Slay+4:    It affects your accuracy & damage with ranged weapons and melee
   (+4).
   rC+:       It protects you from cold.
   rPois:     It protects you from poison
Talismans
 v - a serpent talisman
Wands
 a - a wand of acid (4)
 l - a wand of flame (24)
 o - a wand of polymorph (9)
 y - a wand of charming (8)
 J - a wand of iceblast (6)
 N - a wand of mindburst (27)
Scrolls
 g - 5 scrolls of teleportation
 h - 4 scrolls of amnesia
 i - 6 scrolls of fog
 j - 5 scrolls of vulnerability
 k - 2 scrolls of blinking
 A - 2 scrolls of fear
 D - a scroll of revelation
 K - 5 scrolls of identify
 O - a scroll of silence
 P - a scroll of poison
Potions
 c - a potion of might
 p - 3 potions of curing
 r - 5 potions of attraction
 u - a potion of lignification
 x - 5 potions of enlightenment
 z - 2 potions of brilliance
 B - 3 potions of haste
 C - 5 potions of mutation
 E - a potion of resistance
 F - a potion of ambrosia
Miscellaneous
 H - a phial of floods
 I - a sack of spiders


   Skills:
 + Level 11.2 Fighting
 - Level 9.9 Dodging
 + Level 12.1 Shields
 * Level 17.8 Unarmed Combat
 + Level 5.3 Shapeshifting


You had 8 spell levels left.
You knew the following spells:

 Your Spells              Type           Power      Damage    Failure   Level
a - Lesser Beckoning      Tloc           0%         N/A       73%         2
b - Passage of Golubria   Tloc           0%         N/A       100%        4

Your spell library contained the following spells:

 Spells                   Type           Power      Damage    Failure   Level
 Sting                    Conj/Alch      0%         1d3       58%         1
 Mercury Vapours          Alch/Air       0%         N/A       73%         2
 Dazzling Flash           Conj/Hex       0%         N/A       91%         3
 Gell's Gravitas          Tloc           0%         N/A       91%         3
 Mephitic Cloud           Conj/Alch/Air  0%         N/A       91%         3
 Ozocubu's Armour         Ice            0%         N/A       91%         3
 Summon Ice Beast         Ice/Summ       0%         N/A       91%         3
 Teleport Other           Tloc           0%         N/A       91%         3
 Olgreb's Toxic Radiance  Alch           0%         N/A       100%        4
 Vhi's Electric Charge    Tloc/Air       0%         N/A       100%        4
 Arcjolt                  Conj/Air       0%         1d10      100%        5
 Curse of Agony           Necr           0%         N/A       100%        5
 Metabolic Englaciation   Hex/Ice        0%         N/A       100%        5
 Silence                  Hex/Air        0%         N/A       100%        5
 Summon Mana Viper        Hex/Summ       0%         N/A       100%        5
 Plasma Beam              Fire/Air       0%         2x1d10    100%        6
 Sculpt Simulacrum        Ice/Alch       0%         N/A       100%        6
 Monstrous Menagerie      Summ           0%         N/A       100%        7
 Lehudib's Crystal Spear  Conj/Erth      0%         10d2      100%        8


Dungeon Overview and Level Annotations

Branches:
Dungeon (14/15)            Temple (1/1) D:4            Lair (5/5) D:9
 Shoals (0/4) Lair:2       Spider (0/4) Lair:2        Slime (0/5) Lair:4
    Orc (2/2) D:9             Elf (0/3) Orc:2         Sewer (visited)
  IceCv (visited)         Gauntlet (visited)
 Vaults: D:13-14

Altars:
Ashenzari
Cheibriados
Dithmenos
Elyvilon
Fedhas
Gozag
Hepliaklqana
Kikubaaqudgha
Makhleb
Nemelex Xobeh
Okawaru
Qazlal
Ru
Sif Muna
Trog
Uskayaw
Vehumet
Wu Jian
Xom
Yredelemnul
Zin
The Shining One
Jiyva

Shops:
D:1 (   D:2 (   D:5 !=   D:7 *   D:8 *   Orc:1 (   Orc:2 =**:

Annotations:
Orc:2 3 runed translucent doors, Faeranduil's ghost, journeyman OpAl


Innate Abilities, Weirdness & Mutations

You are too large for most types of armour.
You have claws for hands.
Your natural rate of healing is unusually fast.
You are covered in fur. (AC +1)
You have tough skin. (AC +1)


Message History

The ogre mage hits you with a +0 flail!
* * * LOW HITPOINT WARNING * * *
The deep elf archer barely misses you.
The vault guard hits you with a +2 battleaxe!
* * * LOW HITPOINT WARNING * * *
The deep elf archer shoots an arrow.
The arrow hits you!
* * * LOW HITPOINT WARNING * * *
You feel much better.
The orc warrior hits you but does no damage.
The deep elf archer hits you with a +1 vampiric dagger!
* * * LOW HITPOINT WARNING * * *
The vault guard hits you with a +2 battleaxe!
* * * LOW HITPOINT WARNING * * *
The deep elf archer gestures at you while chanting.
You are more confused.
The ogre mage completely misses you.
You feel much better. The orc warrior closely misses you.
The deep elf archer hits you with a +1 vampiric dagger!
* * * LOW HITPOINT WARNING * * *
The vault guard hits you with a +2 battleaxe!
* * * LOW HITPOINT WARNING * * *
The deep elf archer shoots an arrow.
The arrow hits you.
* * * LOW HITPOINT WARNING * * *
You feel much better.
You feel less invigorated. The orc warrior barely misses you.
The ogre mage points at you and mumbles some strange words.
The bolt of magma hits you! You partially resist.
* * * LOW HITPOINT WARNING * * *
The deep elf archer points at you and mumbles some strange words.
You resist with some effort.
The vault guard hits you with a +2 battleaxe!
* * * LOW HITPOINT WARNING * * *
The deep elf archer shoots an arrow.
The arrow hits you!
* * * LOW HITPOINT WARNING * * *
You are more confused.
You feel invigorated.
The orc warrior hits you with a +0 dagger.
* * * LOW HITPOINT WARNING * * *
The ogre mage hits you with a +0 flail!
You die...

######**+***#.#.#***+**#######...
.....#*,,,* #...# *,,,##.......##
...###*,,,* #...# *,..##.####.###
...# *...# #.$.# #o..##.# #.# #
...#####.p###'''###pe###.# #.# #
...##.≈≈≈≈≈≈~...~≈≈≈≈≈≈..# #.# #
...##.~≈≈≈≈≈~...~≈≈≈≈≈~..# #.# #
...#*#.~≈≈≈≈~..eO~≈≈≈~...# #.# #
...# *#.~~~~...p@~~~~.#..# #.# #
...# #........o.....##..# #.#
...# #..###...########..# #.#
...# #..# #..## #..# #.# ...#
#..# #).# #..# #.# ...# #..# #..#
#..# #.# ...# #..# #..# #..# #.#
...# #..# #..# #..####.# ...#
#..###..# #.......#


You could see 2 vault guards, an ogre mage, 2 deep elf archers and 2 orc
warriors.

Vanquished Creatures
  A reaper (IceCv)
  Nessos (D:12)
  A minotaur (Gauntlet)
  An entropy weaver (shapeshifter) (D:13)
  Josephine (D:10)
  Harold (Lair:2)
  3 hydras
  Fannar (D:10)
  3 boulder beetles
  4 centaur warriors
  2 two-headed ogres
  12 death yaks
  2 catoblepae
  A deep troll shaman (Lair:5)
  A demonic crawler (Lair:2)
  Urug (Lair:3)
  2 orc high priests (Orc:2)
  Sonja (D:11)
  2 skysharks (Lair:5)
  Amaemon (D:8)
  A skeletal warrior (D:12)
  A lindwurm (Lair:5)
  A harpy (Lair:2)
  10 ugly things
  2 necromancers (Orc:1)
  4 orc sorcerers (Orc:2)
  6 cyclopes
  A worldbinder (Gauntlet)
  A meliai (D:9)
  12 elephants
  2 kobold blastminers (Orc:2)
  4 black mambas
  Maggie (D:10)
  8 cane toads
  An orange demon (D:8)
  Jeremiah (D:6)
  3 gargoyles
  An unseen horror (shapeshifter) (D:13)
  An ice statue (IceCv)
  An efreet (D:9)
  2 torpor snails
  3 rime drakes
  2 ice devils (D:13)
  An anaconda simulacrum (IceCv)
  9 komodo dragons
  3 kobold demonologists
  Psyche (D:8)
  5 trolls
  7 polar bears
  2 hornets (D:9)
  18 blink frogs
  9 dream sheep
  Prince Ribbit (D:7)
  6 slime creatures
  Sigmund (D:3)
  An ettin skeleton (Orc:1)
  6 wyverns
  57 yaks
  Grum (D:7)
  2 dire elephant simulacra (IceCv)
  8 wraiths
  A ynoxinul (Gauntlet)
  A yak (shapeshifter) (D:14)
  4 steam dragons
  2 wargs (Orc:1)
  4 vampire mosquitoes (D:13)
  3 basilisks
  2 chaos spawn (D:10)
  2 harpy simulacra (IceCv)
  A death yak simulacrum (IceCv)
  An acid dragon (D:9)
  2 hydra simulacra (IceCv)
  9 water moccasins
  19 orc warriors
  Pargi (Sewer)
  A black bear (D:6)
  5 laughing skulls
  A sky beast (D:7)
  The ghost of Drablr the Shooter, an amateur DrHu (D:3)
  16 centaurs
  An ogre (D:4)
  3 boggarts (Gauntlet)
  28 wolves
  2 phantoms
  6 kobold brigands
  A brain worm (Sewer)
  A weeping skull (Gauntlet)
  9 bullfrogs
  8 scorpions
  6 two-headed ogre simulacra (IceCv)
  5 gnoll sergeants
  2 cane toad simulacra (IceCv)
  2 troll zombies (Orc:1)
  6 wights
  A jelly (D:7)
  3 elephant simulacra (IceCv)
  13 killer bees
  An electric eel (Lair:2)
  19 howler monkeys
  2 bombardier beetles
  11 hounds
  35 orc priests
  2 iron imps (Gauntlet)
  4 gnoll boudas
  6 iguanas
  Natasha (D:2)
  A sleepcap (D:5)
  46 orc wizards
  6 hell rats (Lair:3)
  A polar bear simulacrum (IceCv)
  4 troll simulacra (IceCv)
  4 spriggan simulacra (IceCv)
  2 wolf simulacra (IceCv)
  33 gnolls
  11 adders
  5 naga simulacra (IceCv)
  A river rat (D:5)
  7 white imps
  An orc simulacrum (Orc:1)
  11 ufetubi
  4 orc zombies (Orc:1)
  4 dart slugs
  3 ribbon worms
  54 orcs
  7 endoplasms
  7 giant cockroaches
  11 goblins
  4 hobgoblins
  7 jackals
  4 quokkas
  9 ball pythons
  2 bats
  5 frilled lizards
  24 kobolds
  11 rats
  A butterfly (Lair:5)
793 creatures vanquished.

Vanquished Creatures (collateral kills)
  A hydra (Lair:3)
1 creature vanquished.

Vanquished Creatures (others)
  A kobold brigand (D:11)
  An orc (D:8)
2 creatures vanquished.

Grand Total: 796 creatures vanquished

Notes
Turn   | Place    | Note
-------+----------+-------------------------------------------
     0 | D:1      | HonestlyKidding the Troll Fighter began the quest for the
                  | Orb.
     0 | D:1      | Reached XP level 1. HP: 22/22 MP: 0/0
   178 | D:1      | Found Geoqoh's Antique Weapon Emporium.
   234 | D:1      | Reached XP level 2. HP: 29/29 MP: 1/1
   406 | D:1      | Reached XP level 3. HP: 36/36 MP: 2/2
  1130 | D:2      | Reached skill level 3 in Unarmed Combat
  1207 | D:2      | Reached XP level 4. HP: 36/44 MP: 3/3
  1214 | D:2      | Found Lehol's Antique Weapon Boutique.
  1495 | D:2      | Noticed Natasha
  1509 | D:2      | Killed Natasha
  1635 | D:3      | Noticed Sigmund
  1964 | D:3      | Reached XP level 5. HP: 53/53 MP: 4/4
  1964 | D:3      | Found a runed translucent gate.
  1964 | D:3      | Found a runed translucent gate.
  1964 | D:3      | Found a runed translucent gate.
  1966 | D:3      | Noticed Drablr's ghost (amateur DrHu)
  1988 | D:3      | Killed Drablr's ghost
  1989 | D:3      | Reached skill level 4 in Unarmed Combat
  2137 | D:3      | Found a faded altar of an unknown god.
  2301 | D:3      | Killed Sigmund
  2302 | D:3      | Reached XP level 6. HP: 53/61 MP: 5/5
  2650 | D:4      | Reached skill level 5 in Unarmed Combat
  2664 | D:4      | Reached XP level 7. HP: 46/68 MP: 6/6
  2777 | D:4      | Found a staircase to the Ecumenical Temple.
  2785 | Temple   | Entered the Ecumenical Temple
  2796 | Temple   | Became a worshipper of the Wu Jian Council
  3075 | D:4      | Identified the +2 ring mail of Rywker {Will- Str+3 SInv}
  3189 | D:5      | Entered Level 5 of the Dungeon
  3259 | D:5      | Found a glowing drain.
  3263 | Sewer    | Entered a sewer
  3312 | Sewer    | Noticed Pargi
  3318 | Sewer    | Killed Pargi
  3636 | D:5      | Reached skill level 6 in Unarmed Combat
  3757 | D:5      | Found Digeafid's Distillery.
  3795 | D:5      | Reached XP level 8. HP: 78/78 MP: 7/7
  3801 | D:5      | Found Hoath's Jewellery Boutique.
  4377 | D:5      | Reached * piety under Wu Jian
  4551 | D:6      | Found a hazy altar of Hepliaklqana.
  4559 | D:6      | Reached skill level 5 in Shields
  4559 | D:6      | Reached skill level 7 in Unarmed Combat
  4624 | D:6      | Learned a level 2 spell: Lesser Beckoning
  4629 | D:6      | Learned a level 4 spell: Passage of Golubria
  4790 | D:6      | Noticed Jeremiah
  4898 | D:6      | Found a hide-covered altar of Uskayaw.
  5239 | D:6      | Killed Jeremiah
  5240 | D:6      | Reached skill level 5 in Fighting
  5240 | D:6      | Reached skill level 5 in Dodging
  5240 | D:6      | Reached XP level 9. HP: 70/88 MP: 8/8
  5472 | D:7      | Noticed Prince Ribbit
  5487 | D:7      | Killed Prince Ribbit
  5506 | D:7      | Reached skill level 8 in Unarmed Combat
  5793 | D:7      | Reached ** piety under Wu Jian
  5995 | D:7      | Noticed Grum
  6006 | D:7      | Killed Grum
  6007 | D:7      | Reached skill level 9 in Unarmed Combat
  6249 | D:7      | Found a blossoming altar of Fedhas.
  6488 | D:7      | Reached XP level 10. HP: 98/98 MP: 9/9
  6510 | D:7      | Found Qetho's General Store.
  6549 | D:8      | Noticed Psyche
  6554 | D:8      | Killed Psyche
  6609 | D:8      | Reached *** piety under Wu Jian
  6875 | D:8      | Found Guhih's Assorted Antiques.
  6882 | D:8      | Bought a metallic black potion for 17 gold pieces
  6882 | D:8      | Bought a scroll labelled FINOHA JA AJI for 19 gold pieces
  6882 | D:8      | Bought a ruby potion for 17 gold pieces
  6882 | D:8      | Bought a scroll labelled CIMIMO WITTY for 19 gold pieces
  6910 | D:8      | Found a broken altar of Ashenzari.
  6944 | D:8      | Identified the staff of Omew {Int+3 Air Earth}
  6960 | D:8      | Noticed Amaemon
  6976 | D:8      | Noticed an orange demon
  6984 | D:8      | Killed Amaemon
  6999 | D:8      | Killed an orange demon
  6999 | D:8      | Reached skill level 10 in Unarmed Combat
  7067 | D:8      | Noticed a cyclops
  7067 | D:8      | Noticed a cyclops
  7084 | D:8      | Killed a cyclops
  7094 | D:8      | Killed a cyclops
  7261 | D:8      | Found a shadowy altar of Dithmenos.
  7754 | D:8      | Found an iron altar of Okawaru.
  8104 | D:9      | Found a glowing golden altar of the Shining One.
  8104 | D:9      | Found a sparkling altar of Nemelex Xobeh.
  8294 | D:9      | Reached skill level 11 in Unarmed Combat
  8294 | D:9      | Reached XP level 11. HP: 65/107 MP: 10/10
  8556 | D:9      | Noticed a death yak
  8562 | D:9      | Noticed a death yak
  8563 | D:9      | Noticed a death yak
  8564 | D:9      | Noticed a death yak
  8635 | D:9      | Killed a death yak
  8674 | D:9      | Found a runed translucent door.
  8718 | D:9      | Noticed a death yak
  8849 | D:8      | Killed a death yak
  8854 | D:8      | Killed a death yak
  8935 | D:8      | Killed a death yak
  8941 | D:8      | Killed a death yak
  8941 | D:8      | Reached **** piety under Wu Jian
  8972 | D:9      | Reached skill level 12 in Unarmed Combat
  9029 | D:9      | Found a staircase to the Lair.
  9096 | D:9      | Found a staircase to the Orcish Mines.
  9099 | D:9      | Found a runed translucent door.
  9270 | D:9      | Noticed a two-headed ogre
  9726 | D:9      | Killed a two-headed ogre
  9726 | D:9      | Reached XP level 12. HP: 119/119 MP: 11/11
  9790 | D:10     | Entered Level 10 of the Dungeon
  9790 | D:10     | Noticed Maggie
  9798 | D:10     | Killed Maggie
  9890 | D:10     | Noticed Fannar
  9960 | D:10     | Found a stormy altar of Qazlal.
  9989 | D:10     | Noticed Josephine
  9994 | D:10     | Killed Josephine
  9995 | D:10     | Reached skill level 13 in Unarmed Combat
 10040 | D:10     | Upgraded the game from 0.31.0-10-gcf4a605ca0 to
                  | 0.31.0-11-ge490571c62
 10065 | D:10     | Found a shimmering altar of Xom.
 10080 | D:10     | Found the +7 mace of Variability {chaos, chaos arc}
 10128 | D:10     | Killed Fannar
 10411 | D:11     | Noticed Sonja
 10619 | D:11     | Reached ***** piety under Wu Jian
 10678 | D:11     | Killed Sonja
 10877 | D:11     | Noticed a two-headed ogre
 10887 | D:11     | Killed a two-headed ogre
 11045 | D:12     | Noticed Nessos
 11061 | D:12     | Killed Nessos
 11284 | D:12     | Reached skill level 14 in Unarmed Combat
 11291 | D:12     | Identified the ring of Xyfrycergh {^Drain +Blink rF+ Str-4
                  | SInv}
 11390 | Lair:1   | Entered Level 1 of the Lair of Beasts
 11600 | Lair:1   | Reached XP level 13. HP: 122/130 MP: 12/12
 12273 | Lair:2   | Found a gate leading to a gauntlet.
 12281 | Gauntlet | Entered a Gauntlet
 12281 | Gauntlet | Found a transporter.
 12290 | Gauntlet | Found a transporter.
 12293 | Gauntlet | Found a transporter.
 12294 | Gauntlet | Found a transporter.
 12302 | Gauntlet | Found a transporter.
 12305 | Gauntlet | Found a transporter.
 12306 | Gauntlet | Found a transporter.
 12314 | Gauntlet | Found a transporter.
 12317 | Gauntlet | Found a transporter.
 12318 | Gauntlet | Found a transporter.
 12329 | Gauntlet | Found a transporter.
 12330 | Gauntlet | Found a transporter.
 12330 | Gauntlet | Found a transporter.
 12337 | Gauntlet | Found a runed translucent door.
 12339 | Gauntlet | Found a transporter.
 12354 | Gauntlet | Noticed a green death
 12546 | Gauntlet | Reached skill level 10 in Shields
 12576 | Gauntlet | Identified the +4 arbalest of Ukosuott {penet, +Blink
                  | Int+3}
 12610 | Gauntlet | Identified the ring of Biachor {Wiz Dex+3}
 12673 | Gauntlet | Noticed a minotaur
 12685 | Gauntlet | Killed a minotaur
 12808 | Lair:2   | Noticed Harold
 12817 | Lair:2   | Killed Harold
 12943 | Lair:2   | Found a hole to the Spider Nest.
 12999 | Lair:2   | Reached skill level 15 in Unarmed Combat
 13071 | Lair:2   | Identified the +1 robe "Siunkaip" {rPois Dex+3}
 13588 | Lair:2   | Found a staircase to the Shoals.
 14400 | Lair:3   | Noticed Urug
 14405 | Lair:3   | Killed Urug
 14864 | Lair:3   | Found a white marble altar of Elyvilon.
 14886 | Lair:3   | Reached XP level 14. HP: 126/141 MP: 13/13
 15449 | Lair:4   | Reached skill level 10 in Fighting
 15622 | Lair:4   | Reached skill level 16 in Unarmed Combat
 15827 | Lair:4   | Found a viscous altar of Jiyva.
 15828 | Lair:4   | Found a staircase to the Slime Pits.
 16083 | Lair:5   | Entered Level 5 of the Lair of Beasts
 16093 | Lair:5   | Reached ****** piety under Wu Jian
 16328 | Lair:5   | Reached skill level 1 in Shapeshifting
 17504 | Lair:5   | Identified a scroll of acquirement
 17505 | Lair:5   | Acquired the ring "Rurir" {rPois rC+ Str+2 Dex-3 Slay+4}
 17751 | D:5      | Bought an amulet of guardian spirit for 390 gold pieces
 17882 | Orc:1    | Entered Level 1 of the Orcish Mines
 17983 | Orc:1    | Reached skill level 17 in Unarmed Combat
 18083 | Orc:1    | Found Juxautei's Firing Range.
 18466 | Orc:2    | Entered Level 2 of the Orcish Mines
 18505 | Orc:2    | Found a staircase to the Elven Halls.
 18640 | Orc:2    | Reached XP level 15. HP: 146/152 MP: 12/14
 18688 | Orc:2    | Found Wohoum's General Store.
 18688 | Orc:2    | Found Bisuix's Jewellery Shoppe.
 18691 | Orc:2    | Found Berominno's Book Emporium.
 18691 | Orc:2    | Found Jaaqyeceim's General Store.
 19039 | Orc:2    | Found a runed translucent gate.
 19039 | Orc:2    | Found a runed translucent gate.
 19039 | Orc:2    | Found a runed translucent gate.
 19043 | Orc:2    | Noticed Faeranduil's ghost (journeyman OpAl)
 19722 | D:12     | You fall into a shaft and drop 2 floors!
 20589 | D:13     | Found a frozen archway.
 20603 | IceCv    | Entered an ice cave
 20685 | IceCv    | Reached skill level 5 in Shapeshifting
 21784 | D:13     | Found a glowing silver altar of Zin.
 22268 | D:13     | HP: 5/154 [vault guard/+2 battleaxe (10)]
 22268 | D:13     | HP: 1/154 [deep elf archer/arrow (4)]
 22272 | D:13     | Slain by an ogre mage

Illustrated notes

Levels and vault maps discovered:
D:1:      dpeg_arrival_long_road, layout_loops_ring, serial_shops, shop,
          lexackson_kobold_supper
D:2:      layout_basic, serial_shops, shop, kennysheep_generic_room_10,
          uniq_natasha
D:3:      layout_basic, shapermc_ecumenical_altar_mp_ritualfount,
          ebering_ghost_rock_garden, uniq_sigmund
D:4:      layout_basic, minmay_temple_entry_junction, minmay_ruptured
D:5:      layout_gridville, gup_sewer_entry_bowl, serial_library,
          serial_library_hellmonk_secret_room, serial_library_hellmonk_junction,
          serial_library_hellmonk_small_corner,
          serial_library_hellmonk_angled_corner,
          serial_library_regret_index_double_sided,
          serial_library_hellmonk_statue_hall, serial_library_hellmonk_room_b,
          serial_library_regret_index_multi,
          serial_library_hellmonk_open_square,
          serial_library_hellmonk_open_cross, serial_shops,
          nicolae_shop_hallway_stairs, shop
D:6:      layout_loops_ring, nicolae_uskayaw_murder_on_the_dancefloor,
          nicolae_hepliaklqana_hazy_memory, abandoned_shop, uniq_jeremiah
D:7:      layout_cave_pools, mainiacjoe_overflow_chevrons, serial_gnoll_camp,
          gnoll_camp_mini_shop, gnoll_camp_mini_hut, gnoll_camp_huts_basic,
          gnoll_camp_medium_02, grums_kennel, uniq_prince_ribbit1
D:8:      layout_basic, nicolae_ashenzari_skybound, okawaru_ov_weapons_minmay,
          nicolae_dithmenos_the_darkroom, serial_shops, nicolae_square_shop,
          kennysheep_path_1, minmay_radiant, uniq_psyche, uniq_amaemon
D:9:      cheibrodos_histonic, layout_grid_maze,
          gammafunk_temple_overflow_elements, dpeg_lair_monsters, orc_0_dummy
D:10:     layout_cave_pools, nicolae_qazlal_scattered_showers,
          minmay_guarded_unrand_variability, uniq_fannar, uniq_josephine,
          uniq_maggie
D:11:     layout_cave_pools, serial_column_ruins, column_ruins_grid_1,
          column_ruins_corridor_corner, column_ruins_columns_dead_end,
          column_ruins_open_large, column_ruins_columns_straight,
          kennysheep_dice, uniq_sonja
D:12:     layout_stronghold, uniq_nessos
D:13:     layout_long_grid, grunt_vaults_entry_fortified,
          portal_ice_cave_demonic_guard, dreamdust_wishing_well, zin_angel
D:14:     layout_loops_ring, chequers_serial_rivers_room_b
Temple:   nicolae_temple_bog_church
Lair:1:   layout_roguey
Lair:2:   layout_cave_shapes, mainiacjoe_shoals_entry_four_pools,
          nicolae_spider_entry_non_spiders, gauntlet_entry_generic,
          dreamdust_gnoll_shepherd, serial_bayou_shore_a, uniq_harold
Lair:3:   layout_regular_city, lemuel_centaur_altar, grunt_megastairs_4,
          infiniplex_staircase_pool_2, serial_bayou_shore_b, uniq_urug
Lair:4:   layout_gridlike, dpeg_slime_entry_enclosed
Lair:5:   grunt_lair_end_beastmaster, layout_cave_pods, serial_bayou_shore_b,
          serial_bayou_shore_b, lemuel_fruit_fields
Orc:1:    dreamdust_under_siege, layout_diamond_mine, nicolae_shop_firing_range
Orc:2:    st_orc_mages, layout_diamond_mine, basic_altar,
          gammafunk_ghost_fury_of_okawaru

Skill      XL: |  1  2  3  4  5  6  7  8  9 10 11 12 13 14 15 |
---------------+----------------------------------------------+-----
Shields        | 3 4 5 6 7 8 9 10 11 12 | 12.1
Unarmed Combat | 3 4 5 6 7 9 11 12 14 15 17 | 17.8
Fighting       | 3 4 5 6 7 8 9 10 11 | 11.2
Dodging        | 3 4 5 6 7 8 9 |  9.9
Shapeshifting  | 4 5 |  5.3

Action                     |  1- 3 |  4- 6 |  7- 9 | 10-12 | 13-15 || total
---------------------------+-------+-------+-------+-------+-------++-------
  Melee: Unarmed           |   128 |   123 |   487 |   626 |  1203 ||  2567
  Throw: Dart              |       |     8 |     7 |     3 |     1 ||    19
         Large rock        |       |       |     1 |     3 |       ||     4
         Throwing net      |       |       |       |       |     1 ||     1
 Invoke: Serpent's Lash    |       |       |       |     6 |    12 ||    18
         Heavenly Storm    |       |       |       |       |     2 ||     2
Ability: Lunge             |       |       |    47 |    65 |   107 ||   219
         Whirlwind         |       |       |    60 |    32 |   213 ||   305
         Wall Jump         |       |       |     1 |     6 |     8 ||    15
  Evoke: Wand              |       |     4 |       |     8 |     7 ||    19
         Sack of spiders   |       |       |       |       |     1 ||     1
         Phial of floods   |       |       |       |       |     1 ||     1
    Use: Scroll            |       |     4 |    13 |     9 |    14 ||    40
         Potion            |       |       |     2 |     5 |    12 ||    19
   Stab: Distracted        |       |     1 |     2 |       |       ||     3
         Sleeping          |       |       |     1 |       |       ||     1
         Held in net/web   |       |       |       |       |     2 ||     2
 Armour: Robe              |    86 |    57 |   202 |   244 |   510 ||  1099
  Dodge: Dodged            |    57 |    41 |   116 |   160 |   408 ||   782
  Block: Kite shield       |    59 |    48 |   254 |   336 |   751 ||  1448
